 Dungeon Crawl Stone Soup version 0.28-b1-25-g9875b3fc8c (webtiles) character file.

Game seed: 13783607585016554304

116 MisterFreud the Cudgeller (level 4, -9/44 HPs)
             Began as a Troll Berserker on Jan 31, 2022.
             Was a Believer of Trog.
             Mangled by an ogre (12 damage)
             ... on level 3 of the Dungeon.
             The game lasted 00:02:19 (1733 turns).

MisterFreud the Cudgeller (Troll Berserker)         Turns: 1733, Time: 00:02:20

Health: -9/44      AC:  4    Str: 25    XL:     4   Next: 69%
Magic:  3/3        EV: 10    Int:  5    God:    Trog [**....]
Gold:   102        SH:  0    Dex:  9    Spells: 3/3 levels left

rFire   . . .      SeeInvis .   i - +0 whip (elec)
rCold   . . .      Faith    .   (no shield)
rNeg    . . .      Spirit   .   b - +0 animal skin
rPois   .          Reflect  .   (helmet restricted)
rElec   .          Harm     .   (no cloak)
rCorr   .          Rampage  .   (gloves unavailable)
Will    .....                   (boots unavailable)
Stlth   +.........              (no amulet)
HPRegen 0.94/turn               (no ring)
MPRegen 0.08/turn               (no ring)

@: no status effects
A: large, unfitting armour, claws 3, regeneration 1, shaggy fur 1, tough skin 1
a: Renounce Religion, Berserk, Trog's Hand


You were on level 3 of the Dungeon.
You worshipped Trog.
Trog was pleased with you.
You visited 1 branch of the dungeon, and saw 4 of its levels.

You collected 102 gold pieces.

Inventory:

Hand Weapons
 a - a +0 mace
 i - a +0 whip of electrocution (weapon)
Missiles
 f - 4 javelins (quivered)
 g - 3 boomerangs
 h - a throwing net
Armour
 b - a +0 animal skin (worn)
Scrolls
 c - a scroll of noise {unknown}
 d - 3 scrolls of identify {unknown}
 e - a scroll of vulnerability {unknown}
 k - a scroll of enchant armour {unknown}
Potions
 j - a potion of heal wounds {unknown}


   Skills:
 - Level 2.6 Fighting
 + Level 4.7 Maces & Flails
 - Level 2.6 Dodging


You had 3 spell levels left.
You didn't know any spells.
Your spell library was empty.

Dungeon Overview and Level Annotations

Branches:
Dungeon (4/15)
 Temple: D:4-7

Altars:
Yredelemnul

Shops:
D:2 (   D:4 [


Innate Abilities, Weirdness & Mutations

You are too large for most types of armour.
You have claws for hands.
Your natural rate of healing is unusually fast.
You are covered in fur. (AC +1)
You have tough skin. (AC +1)


Message History

You open the door.
A worm comes into view.
A worm is nearby!
A worm is nearby!
There is an open door here.
The worm closely misses you.
You hit the worm. Lightning courses through the worm!!
You kill the worm!
Trog accepts your kill.
You open the door.
There is an open door here.
There is an open door here.
There is an open door here.
Done exploring.
No target in view!
Done exploring.
Done exploring.
There is a stone staircase leading down here.
You climb downwards.
The orc shouts!
The ogre shouts!
Found a plate armour and 11 gold pieces.
Found Witsuyt's Antique Armour Shoppe.
There is a stone staircase leading up here.
The orc hits you but does no damage. The orc closely misses you.
The orc hits you from afar with a +0 trident!
The ogre hits you with a +0 giant spiked club!
The orc hits you but does no damage.
You climb upwards.
There is a stone staircase leading down here.
You barely miss the ogre. You whack the ogre!
Lightning courses through the ogre!
The ogre is severely wounded.
The ogre hits you with a +0 giant spiked club!!
Ouch! That really hurt!
* * * LOW HITPOINT WARNING * * *
You hit the ogre.
The ogre is almost dead.
The ogre hits you with a +0 giant spiked club!
You die...

###### ########.####### #....#
#........# #. #...:# #........#
#. #....##########........# ####)
####......................# #....
....<...#.........###.##### #.#..
##......#.........##......###.#..
.#......#..........#.......##...#
####...<#.......@..#.......####..
........#........O.#.......#.....
..#####.#..................#.....
#.#.....#..........#...##........
#...##..#..........######........
#####.....#.###......# #........
###....####.# ###....# #........
.##.#.......# #....# #......>.
.##.######### #....#######.....


You could see an ogre.

Vanquished Creatures
  An orc wizard (D:3)
  2 adders (D:3)
  A dart slug (D:3)
  2 worms (D:3)
  9 orcs (D:3)
  5 endoplasms
  A giant cockroach (D:2)
  9 goblins
  6 hobgoblins
  2 jackals (D:3)
  2 quokkas (D:1)
  3 ball pythons
  3 bats
  4 frilled lizards
  2 kobolds
  4 rats
56 creatures vanquished.

Notes
Turn   | Place    | Note
-------+----------+-------------------------------------------
     0 | D:1      | MisterFreud the Troll Berserker began the quest for the
                  | Orb.
     0 | D:1      | Reached XP level 1. HP: 22/22 MP: 0/0
   155 | D:1      | Reached XP level 2. HP: 28/29 MP: 1/1
   251 | D:1      | Reached skill level 3 in Maces & Flails
   696 | D:2      | Reached ** piety under Trog
   734 | D:2      | Found Haponn's Weapon Shop.
   771 | D:2      | Reached XP level 3. HP: 36/36 MP: 2/2
  1132 | D:3      | Reached skill level 4 in Maces & Flails
  1244 | D:3      | Found a basalt altar of Yredelemnul.
  1249 | D:3      | Reached XP level 4. HP: 44/44 MP: 3/3
  1725 | D:4      | Noticed an ogre
  1725 | D:4      | Found Witsuyt's Antique Armour Shoppe.
  1732 | D:3      | HP: 2/44 [ogre (24)]
  1733 | D:3      | Mangled by an ogre

Illustrated notes

Levels and vault maps discovered:
D:1:      moated_graveyard_arrival, layout_basic
D:2:      layout_basic, serial_shops, shop, serial_rivers,
          chequers_serial_rivers_small_a, chequers_serial_rivers_large_a,
          chequers_serial_rivers_micro_e, chequers_serial_rivers_marsh
D:3:      layout_basic, grunt_decor_resistance, minivault_26,
          kennysheep_flooded_box
D:4:      layout_loops_corners, nicolae_uskayaw_murder_on_the_dancefloor,
          serial_shops, nicolae_shop_advertising_works
          [nicolae_subvault_shop_adworks], shop, kennysheep_mini,
          chequers_serial_rivers_large_b

Skill      XL: |  1  2  3 |
---------------+----------+-----
Maces & Flails | 3 4 |  4.7
Fighting       | |  2.6
Dodging        | |  2.6

Action                   |  1- 3 |  4- 6 || total
-------------------------+-------+-------++-------
Melee: Mace              |    95 |    59 ||   154
       Punch             |     1 |     1 ||     2
       Whip              |       |    12 ||    12
 Stab: Sleeping          |     1 |       ||     1
Armor: Animal skin       |    38 |    16 ||    54
Dodge: Dodged            |    43 |    37 ||    80
